AoeStats
← Lelouch9640

Arabia

509856331Analyzed
1v1 RM · 2d ago on Sep 28, 2026· 32m 9s· 2 players
Game mode
Random Map
Map size
Tiny (2 player)
Population
200
Speed
Normal
Resources
Standard
Victory
Conquest
Starting age
Dark Age
Ending age
Imperial Age
RankedLock teamsTeams togetherTeam positionsShared explorationLock speedFull tech treeHidden civsTurbo modeCheats
Victory
Defeat
🇫🇷 Mongols · France
1330
+14
🇮🇳 Varangians · India
1282
-14
echO48
6:32 Loom
9:57 Feudal Age
10:39 Double-Bit Axe
19:06 Castle Age
17:14 Horse Collar
18:36 Scale Barding Armor
18:31 Gold Mining
19:29 Bloodlines
28:26 Bow Saw
29:10 Heavy Plow
30:41 Husbandry
30:59 Forging
Lelouch9640
6:15 Loom
8:52 Feudal Age
10:06 Double-Bit Axe
18:50 Castle Age
16:57 Horse Collar
19:01 Scale Barding Armor
19:07 Forging
19:09 Bloodlines
19:58 Wheelbarrow
19:43 Husbandry
25:40 Town Watch
26:15 Heavy Plow
29:12 Hand Cart
31:10 Iron Casting
32:18 Chain Barding Armor
Connection lost

Rejoining the realm…

Still unreachable

The connection could not be restored.

Session expired

The server has moved on; the page needs a fresh start.